 Dungeon Crawl Stone Soup version 0.18.1-1-g2f07953 (webtiles) character file.

681 EndlessMike the Martial Artist (level 7, -2/36 HPs)
             Began as a Vine Stalker Monk on May 6, 2016.
             Slain by a tarantella (11 damage)
             ... on level 4 of the Dungeon.
             The game lasted 00:10:29 (2960 turns).

EndlessMike the Martial Artist (Vine Stalker Monk)  Turns: 2960, Time: 00:10:30

Health: -2/36      AC:  7    Str: 15    XL:     7   Next: 61%
Magic:  0/8        EV: 13    Int: 11    God:
Gold:   139        SH:  0    Dex: 16    Spells: 2 memorised, 2 levels left

rFire  . . .     SeeInvis +       - Unarmed
rCold  . . .     Gourm    .     a - +0 robe
rNeg   . . .     Faith    .     (no shield)
rPois  +         Spirit   +     w - +0 helmet
rElec  .         Dismiss  .     x - +0 cloak
rCorr  .         Reflect  .     y - +2 pair of gloves
SustAt .         Harm     .     (no boots)
MR     .....                    (no amulet)
Stlth  ++........               g - ring of see invisible
                                j - ring of poison resistance

@: not resistant to hostile enchantments, unstealthy
A: fangs 2, regeneration 2, magic shield, antimagic bite, no device heal 3, rot
immunity
a: no special abilities


You were on level 4 of the Dungeon.
You were not hungry.

You visited 1 branch of the dungeon, and saw 4 of its levels.
You also visited: Sewer.

You collected 139 gold pieces.

Inventory:

Hand Weapons
 b - a +0 blowgun
Missiles
 p - 7 curare-tipped needles
 s - 31 poisoned needles
Armour
 a - a +0 robe (worn)
 w - a +0 helmet (worn)
 x - a +0 cloak (worn)
 y - a +2 pair of gloves (worn)
Jewellery
 g - a ring of see invisible (right hand)
 j - a ring of poison resistance (left hand)
Wands
 n - a wand of polymorph (3/24)
Scrolls
 d - 2 scrolls of magic mapping
 i - a scroll of enchant armour
 v - 3 scrolls of remove curse
Potions
 c - 3 potions of heal wounds {unknown}
 e - 3 potions of curing
 k - a potion of haste {unknown}
 l - 3 potions of mutation
 o - 3 potions of flight {unknown}
 t - 2 potions of might {unknown}
 u - a potion of cancellation {unknown}
Books
 m - a book of Minor Magic

   Spells                             Type                      Level
   a - Magic Dart                     Conjuration                  1
   b - Blink                          Translocation                2
   c - Call Imp                       Summoning                    2
   d - Repel Missiles                 Charms/Air                   2
   e - Slow                           Hexes                        2
   f - Conjure Flame                  Conjuration/Fire             3
   g - Mephitic Cloud                 Conjuration/Poison/Air       3
Comestibles
 f - 8 fruits
 h - a meat ration
 r - 3 bread rations
 z - a beef jerky
 A - 4 chunks of flesh


   Skills:
 + Level 3.3 Fighting
 - Level 2.4 Dodging
 - Level 2.4 Stealth
 + Level 8.8 Unarmed Combat


You had 2 spell levels left.
You knew the following spells:

 Your Spells              Type           Power        Failure   Level  Hunger
b - Blink                 Tloc           N/A          56%         2    ###....
m - Repel Missiles        Chrm/Air       #.....       56%         2    ###....


Dungeon Overview and Level Annotations

Branches:
Dungeon (4/15)
 Temple: D:4-7

Altars:
Fedhas
Nemelex Xobeh
The Shining One

Annotations:
D:4 Blork the orc


Innate Abilities, Weirdness & Mutations

You have extremely sharp teeth.
You heal very quickly.
When hurt, damage is shared between your health and your magic reserves.
Your bite disrupts and absorbs the magic of your enemies.
Potions and wands cannot restore your health.
You are immune to rotting.


Message History

The ogre hits you with a giant club!
Evoke which item? (* to show all) (? for menu, Esc to quit)
Zapping:
n - a wand of polymorph {zapped: 10} (will waste charges)
Press: ? - help, Shift-Dir - straight line, f - ogre
Aim: an ogre, wielding a giant club (lightly wounded, chance to defeat MR: 46%)
The ogre evaporates and reforms as a tarantella!
Evoking this partially-identified wand wasted a few charges.
Read which item? (? for menu, Esc to quit)
As you read the scroll labeled INKAOSTR AQYSEN, it crumbles to dust.
The scroll dissolves into smoke.
It was a scroll of fog.
The tarantella bites you!
* * * LOW HITPOINT WARNING * * *
Drink which item? (? for menu, Esc to quit)
Okay, then.
The tarantella bites you.
* * * LOW HITPOINT WARNING * * *
You are confused.
Drink which item? (? for menu, Esc to quit)
It was a potion of curing.
You feel better. The tarantella bites you!
You die...

#........#.....##..#
#........#.....##..#
#........#.........#
#........#.........#
#........+.........#
#........#.....##..#
#........#.[...##..#
#........#.....##..#
######+###....§§@§.#
#.............os§..#
'....[..##...§§##..#
#....... #....)###'#
######## #.........#
# #.........+ #
#...####..# # #...
#..# # ..... ...#


You could see Blork the orc and a tarantella.

Vanquished Creatures
  Grinder (D:3)
  A porcupine (D:3)
  A big kobold (Sewer)
  A hound (D:4)
  An orc wizard (D:3)
  Terence (D:3)
  A worker ant (D:4)
  Robin (D:3)
  6 adders
  2 oozes
  An adder skeleton (D:3)
  A worm (D:1)
  2 dart slugs (D:2)
  2 giant geckos
  3 orcs (D:3)
  5 ball pythons
  10 bats
  3 giant cockroaches
  20 goblins
  11 hobgoblins
  3 quokkas
  5 giant newts
  31 kobolds
  7 rats
120 creatures vanquished.

Notes
Turn   | Place    | Note
--------------------------------------------------------------
     0 | D:1      | EndlessMike the Vine Stalker Monk began the quest for the Orb.
     0 | D:1      | Reached XP level 1. HP: 11/11 MP: 2/2
   124 | D:1      | Reached XP level 2. HP: 16/16 MP: 3/3
   313 | D:1      | Reached XP level 3. HP: 15/19 MP: 4/4
   354 | D:1      | Reached skill level 5 in Unarmed Combat
   687 | D:2      | Reached XP level 4. HP: 20/23 MP: 5/5
   855 | D:2      | Found a glowing golden altar of the Shining One.
   855 | D:2      | Found a sparkling altar of Nemelex Xobeh.
  1331 | D:3      | Found a glowing drain.
  1339 | Sewer    | Entered a sewer
  1427 | Sewer    | Noticed a big kobold
  1509 | Sewer    | Killed a big kobold
  1509 | Sewer    | Reached skill level 6 in Unarmed Combat
  1509 | Sewer    | Reached XP level 5. HP: 15/27 MP: 4/6
  1784 | D:3      | Learned a level 2 spell: Blink
  1787 | D:3      | Learned a level 2 spell: Repel Missiles
  1791 | D:3      | Noticed Terence
  1799 | D:3      | Killed Terence
  1902 | D:3      | Reached skill level 7 in Unarmed Combat
  1902 | D:3      | Gained mutation: You heal very quickly. [Vine Stalker growth]
  1902 | D:3      | Reached XP level 6. HP: 31/32 MP: 7/7
  2114 | D:3      | Noticed Grinder
  2152 | D:3      | Paralysed by Grinder for 4 turns
  2210 | D:3      | Killed Grinder
  2210 | D:3      | Reached skill level 8 in Unarmed Combat
  2210 | D:3      | Reached XP level 7. HP: 33/35 MP: 6/8
  2288 | D:3      | Noticed Robin
  2332 | D:3      | Killed Robin
  2627 | D:3      | Noticed Crazy Yiuf
  2628 | D:3      | Noticed Crazy Yiuf
  2628 | D:3      | Crazy Yiuf changed into Crazy Yiuf the porcupine
  2633 | D:3      | Killed Crazy Yiuf the porcupine
  2867 | D:4      | Found a blossoming altar of Fedhas.
  2944 | D:4      | Noticed Blork the orc
  2957 | D:4      | Noticed a tarantella
  2957 | D:4      | an ogre changed into a tarantella
  2960 | D:4      | Slain by a tarantella

Skill      XL: |  1  2  3  4  5  6  7 |
---------------+----------------------+-----
Unarmed Combat | 5 6 7 8 |  8.8
Fighting       | 3 |  3.3
Dodging        | |  2.4
Stealth        | |  2.4

Action                   |  1- 3 |  4- 6 |  7- 9 || total
-------------------------+-------+-------+-------++-------
Melee: Unarmed           |   101 |   184 |    85 ||   370
       Bite              |    32 |    36 |    27 ||    95
       Punch             |     1 |       |     5 ||     6
Evoke: Wand              |       |       |     2 ||     2
  Use: Scroll            |       |     6 |     1 ||     7
       Potion            |       |       |     1 ||     1
 Stab: Sleeping          |     3 |     5 |     4 ||    12
  Eat: Chunk             |       |     4 |     3 ||     7
Armor: Robe              |    20 |    19 |    15 ||    54
Dodge: Dodged            |    70 |   114 |    47 ||   231
